Map: Mech Depot LE

Players

Ziggy

  • Race: Terran Terran
  • Spawn Location: 1:00

AdminC (Bioice) - Winner!

  • Race: Zerg Zerg
  • Spawn Location: 7:00

Event: WCS Montreal 2017

VOD

Have the link to the VOD?

Description

Time

  • Played on: Sept. 8, 2017, 3:06 p.m.
  • Length: 18:06

All games in this series

Show
View Real Time Build Order
Export as new Build Order

Ziggy Terran 

Build Orders: MMM Bio 

Get SALT Encoding   

  12  0:00  SCV  
  13  0:12  SCV  
  14  0:17  Supply Depot  
  14  0:24  SCV  
  15  0:39  SCV  
  15  0:40  Barracks  
  16  0:46  Refinery  
  16  0:51  SCV  
  17  1:00  Barracks  
  17  1:03  SCV  
  18  1:15  SCV  
  19  1:28  Orbital Command, Reaper  
  20  1:36  Barracks  
  20  1:43  Refinery  
  20  1:46  Reaper  
  21  1:53  Supply Depot  
  21  1:57  SCV  
  22  2:05  Reaper  
  23  2:14  SCV  
  24  2:19  Reaper  
  25  2:26  SCV  
  25  2:29  Reaper  
  27  2:40  Reaper  
  28  2:45  Command Center  
  28  2:51  Reaper  
  29  2:57  Supply Depot  
  29  3:01  Reaper  
  29  3:03  SCV  
  31  3:07  Barracks  
  31  3:19  SCV, Reaper  
  33  3:23  Reaper  
  34  3:33  SCV, Reaper  
  36  3:34  Barracks  
  35  3:46  SCV  
  31  3:51  Reaper  
  31  3:55  Reaper x2  
  34  3:56  Orbital Command  
  34  3:58  Refinery  
  34  4:00  Supply Depot  
  34  4:05  SCV, Reaper  
  36  4:17  SCV  
  36  4:22  SCV  
  36  4:23  Reaper  
  39  4:25  Reaper  
  39  4:27  Reaper  
  39  4:29  SCV  
  43  4:31  Reaper  
  43  4:35  SCV  
  44  4:41  SCV  
  44  4:44  Reaper  
  46  4:53  SCV x2  
  46  4:55  Reaper  
  46  4:57  Reaper  
  46  4:58  Command Center  
  50  5:05  SCV  
  51  5:08  Refinery, Reaper  
  51  5:09  Reaper  
  51  5:13  SCV  
  54  5:18  Supply Depot  
  54  5:20  Factory  
  55  5:21  SCV  
  55  5:23  Reaper  
  55  5:25  SCV  
  51  5:45  SCV  
  51  5:46  SCV, Barracks Tech Lab  
  51  5:47  Marine  
  51  5:48  Barracks Reactor  
  55  5:53  Engineering Bay  
  55  5:56  Barracks Reactor  
  55  5:57  Barracks Reactor, Engineering Bay  
  55  5:58  SCV  
  55  5:59  SCV  
  56  6:06  Starport  
  56  6:09  Stimpack  
  56  6:10  SCV  
  57  6:13  Factory Reactor  
  57  6:14  Barracks Reactor  
  57  6:15  SCV  
  58  6:22  SCV, Terran Infantry Weapons Level 1  
  59  6:26  Marine x3  
  59  6:27  SCV  
  59  6:32  Terran Infantry Armor Level 1  
  63  6:34  Marine x2, SCV  
  63  6:39  SCV  
  67  6:44  Marine  
  67  6:46  SCV  
  69  6:49  Marine  
  69  6:50  Marine x2  
  69  6:51  SCV  
  69  6:52  Supply Depot, Marine x2  
  75  6:54  Supply Depot  
  75  6:58  SCV  
  76  7:02  Medivac x2  
  76  7:03  Marine x4, SCV  
  76  7:07  Factory Tech Lab  
  85  7:11  Orbital Command  
  85  7:14  SCV  
  84  7:31  Marine x2  
  84  7:36  Marine x2  
  86  7:42  Marine x3  
  86  7:43  Medivac x2  
  91  7:47  Siege Tank  
  91  7:48  Marine x2  
  91  7:50  SCV x3  
  97  8:01  Supply Depot, Armory  
  97  8:02  Supply Depot, SCV x3  
  97  8:03  Barracks  
  97  8:04  Factory  
  100  8:06  Barracks, Marine  
  101  8:13  Supply Depot  
  101  8:16  Combat Shields  
  101  8:21  Supply Depot x2  
  101  8:22  Marine, SCV x3  
  101  8:23  Marauder  
  107  8:29  Marine  
  107  8:30  Marine x4  
  112  8:35  SCV  
  112  8:36  SCV x2  
  114  8:43  Marine x3  
  114  8:44  Marauder  
  114  8:48  Marine x3, SCV x2  
  124  8:50  Factory Tech Lab, Siege Tank  
  116  9:05  Marauder  
  111  9:10  Marine, SCV x3  
  111  9:11  Marine x8  
  111  9:16  Marine  
  124  9:22  SCV x2  
  127  9:25  Siege Tank x2  
  127  9:27  Marauder  
  127  9:28  Marine x3  
  127  9:29  Marine  
  138  9:33  Supply Depot  
  138  9:35  Supply Depot, Marine  
  138  9:36  Supply Depot  
  138  9:37  Supply Depot  
  139  9:45  Marine x2  
  139  9:48  Marauder  
  143  9:54  Marine  
  143  9:55  Marine x4, Terran Infantry Weapons Level 2  
  143  9:56  Terran Infantry Armor Level 2  
  143  9:57  Siege Tank  
  151  10:00  Liberator x2  
  151  10:01  Marine x2  
  151  10:03  Supply Depot  
  153  10:07  Marine x3  
  153  10:10  Marauder  
  158  10:15  Marine  
  158  10:20  Marine  
  158  10:21  Marine  
  166  10:24  Siege Tank  
  166  10:26  Marine x2  
  166  10:27  Marine x3  
  175  10:29  Marine x2  
  175  10:31  Marauder  
  175  10:33  Marine  
  180  10:38  Marine  
  180  10:39  Marine  
  179  10:44  Marine x3  
  182  10:52  Marauder  
  182  10:54  Siege Tank  
  182  10:55  Refinery  
  187  10:57  Refinery  
  187  11:01  Marine x2  
  189  11:04  Marine  
  189  11:05  Command Center, Siege Tank  
  193  11:18  Marine x6  
  153  11:19  Marauder  
  153  11:23  Marine  
  130  11:25  Marine  
  130  11:29  Marine x2  
  123  11:36  Marine x2  
  123  11:38  Marine x2  
  123  11:39  Marine x2  
  129  11:40  Marauder  
  129  11:41  Marine  
  129  11:43  Marine  
  129  11:46  Marine  
  129  11:47  Marine  
  129  11:53  Marine  
  120  12:00  Marine x4  
  119  12:02  Marauder  
  109  12:11  Liberator  
  109  12:13  Command Center  
  109  12:16  Siege Tank  
  109  12:17  Siege Tank  
  118  12:34  Medivac  
  120  12:39  SCV  
  120  12:40  SCV  
  120  12:44  Marine x3  
  125  12:52  SCV  
  125  12:55  Siege Tank  
  125  12:57  Siege Tank  
  133  13:01  Marine  
  133  13:07  Supply Depot x3  
  133  13:15  Marine  
  134  13:24  Orbital Command, Marine x4  
  138  13:31  Siege Tank  
  141  13:40  Medivac x2, Marine x4  
  141  13:41  Marine  
  150  13:53  Siege Tank  
  150  13:54  Marine  
  154  14:01  Marine x2  
  156  14:08  Planetary Fortress  
  156  14:18  Ghost Academy  
  156  14:31  Siege Tank x2  
  156  14:37  Terran Infantry Weapons Level 3  
  162  14:47  Marine x5  
  162  14:50  Refinery  
  162  14:51  Refinery  
  162  14:52  SCV x2  
  169  14:58  SCV  
  170  15:04  SCV  
  171  15:08  Ghost  
  171  15:13  Marine x3  
  171  15:14  Marine  
  161  15:27  Barracks Tech Lab x2  
  160  15:40  Siege Tank x2  
  156  15:45  Marine x3  
  156  15:46  Marauder  
  150  15:56  Ghost  
  152  16:07  Ghost  
  154  16:12  Siege Tank, Refinery  
  154  16:13  Refinery  
  157  16:25  Ghost x2  
  159  16:26  Marine x2  
  112  16:43  Marine x3, Marauder  
  94  16:53  Ghost  
  94  17:05  Ghost  
  96  17:10  SCV  
  96  17:12  Orbital Command  
  89  17:22  SCV  
  90  17:33  Marine x2  
  90  17:34  SCV  
  93  17:39  Marine  
  93  17:41  SCV  
  93  17:42  Marine  
  96  17:46  SCV  
Show
View Real Time Build Order
Export as new Build Order

AdminC Zerg - Winner!

Build Orders: Hatch First 

Get SALT Encoding   

  12  0:01  Drone  
  13  0:13  Overlord  
  13  0:17  Drone  
  14  0:31  Drone  
  14  0:32  Drone  
  16  0:49  Hatchery  
  15  0:53  Drone  
  16  0:57  Drone  
  16  1:00  Drone  
  18  1:08  Extractor  
  17  1:15  Spawning Pool  
  17  1:18  Drone  
  17  1:22  Drone  
  18  1:31  Drone  
  19  1:39  Drone  
  20  1:50  Overlord  
  20  2:01  Queen  
  20  2:02  Queen  
  20  2:03  Zergling x4  
  26  2:09  Metabolic Boost  
  26  2:13  Drone  
  26  2:14  Drone  
  28  2:24  Drone x2  
  28  2:28  Extractor  
  29  2:34  Drone  
  30  2:41  Hatchery  
  30  2:47  Queen  
  31  2:52  Overlord  
  31  2:58  Zergling x6  
  33  3:03  Zergling x2  
  35  3:08  Zergling x2  
  35  3:12  Overlord  
  36  3:13  Zergling x6  
  36  3:19  Zergling x4  
  41  3:23  Zergling x4  
  44  3:30  Hatchery  
  44  3:32  Zergling x4  
  43  3:44  Drone x6  
  48  3:51  Overlord  
  48  3:53  Drone x2  
  50  3:56  Drone  
  51  4:08  Overlord  
  51  4:11  Drone x2  
  54  4:17  Drone x3  
  54  4:18  Drone  
  54  4:20  Drone x2  
  59  4:26  Overlord  
  58  4:31  Drone  
  58  4:34  Drone  
  56  4:47  Zergling x8  
  60  4:55  Zergling x2  
  60  4:56  Queen, Zergling x12  
  60  4:59  Queen  
  71  5:01  Evolution Chamber x2  
  71  5:02  Queen  
  71  5:05  Zergling x2  
  71  5:06  Zergling x2  
  73  5:13  Overlord  
  73  5:17  Zergling x4  
  75  5:23  Drone  
  75  5:24  Drone x5  
  75  5:25  Overlord  
  79  5:43  Drone  
  79  5:44  Drone x4  
  79  5:48  Zerg Melee Weapons Level 1, Zerg Ground Armor Level 1  
  79  5:49  Overlord x2  
  84  5:50  Drone x3  
  84  5:55  Drone  
  88  5:58  Drone x5  
  88  5:59  Drone  
  94  6:05  Extractor  
  94  6:06  Extractor, Lair  
  94  6:09  Extractor  
  94  6:10  Extractor, Drone x3  
  94  6:11  Extractor  
  92  6:15  Drone x2  
  94  6:20  Drone  
  94  6:22  Drone x4  
  99  6:25  Drone  
  99  6:26  Baneling Nest  
  99  6:32  Drone x2  
  101  6:36  Drone x4  
  101  6:37  Drone x2  
  107  6:45  Hatchery  
  106  6:47  Overlord x3  
  106  6:50  Overlord x3  
  106  6:59  Overlord  
  106  7:00  Overlord  
  106  7:05  Hydralisk Den  
  106  7:07  Drone  
  106  7:08  Drone  
  107  7:09  Evolution Chamber, Centrifical Hooks  
  107  7:10  Baneling x3  
  107  7:11  Infestation Pit, Zergling x2, Baneling x2  
  107  7:12  Zergling x2  
  107  7:18  Zergling x12  
  107  7:41  Zergling x2  
  107  7:42  Zergling x18  
  109  7:44  Zerg Ground Armor Level 2  
  109  7:45  Zerg Missile Weapons Level 1  
  109  7:46  Zerg Melee Weapons Level 2  
  109  7:49  Hydralisk  
  109  7:50  Hydralisk  
  111  7:51  Hydralisk x2  
  115  8:00  Hydralisk x2  
  115  8:01  Hatchery, Hydralisk  
  119  8:10  Hydralisk x2  
  123  8:15  Baneling x4  
  123  8:17  Zergling x12  
  129  8:31  Hydralisk x5  
  129  8:32  Zergling x2  
  136  8:39  Zergling x6  
  136  8:45  Zergling x2  
  136  8:46  Zergling x12  
  140  8:52  Hatchery  
  136  8:59  Hydralisk  
  127  9:09  Hydralisk  
  122  9:10  Hydralisk x10  
  122  9:13  Baneling x3  
  122  9:16  Baneling  
  122  9:17  Baneling  
  144  9:23  Overlord x2  
  144  9:25  Zergling x2  
  144  9:26  Zergling x10  
  144  9:29  Hive  
  144  9:30  Hydralisk  
  152  9:31  Zergling x2  
  152  9:35  Zergling x2  
  152  9:36  Zergling x4  
  156  9:39  Muscular Augments  
  156  9:41  Zergling x2  
  156  9:42  Zergling x10  
  157  9:49  Baneling x6  
  157  9:51  Hydralisk  
  157  9:52  Zergling x6  
  161  9:59  Overlord  
  161  10:07  Zergling x10  
  161  10:09  Baneling x3  
  161  10:10  Baneling x8  
  165  10:15  Zergling x30  
  165  10:17  Baneling x2  
  165  10:18  Baneling x2  
  165  10:21  Zergling x10  
  182  10:27  Baneling  
  182  10:28  Zergling x2, Baneling x4  
  185  10:29  Zergling x8  
  185  10:34  Hydralisk x2  
  193  10:39  Baneling  
  193  10:40  Baneling x5  
  193  10:41  Zergling x2  
  185  10:46  Zergling x6  
  185  10:49  Zergling x18  
  196  10:56  Ultralisk Cavern  
  195  11:02  Extractor x2  
  195  11:03  Baneling  
  195  11:04  Baneling x5  
  165  11:22  Hydralisk  
  165  11:23  Zergling x16  
  155  11:25  Zergling x2  
  155  11:26  Zergling x24  
  155  11:30  Hydralisk x2  
  168  11:33  Zergling x10  
  169  11:53  Chitinous Plating  
  168  11:54  Zerg Ground Armor Level 3  
  163  12:13  Hatchery  
  162  12:26  Ultralisk  
  162  12:29  Overlord x4  
  168  12:31  Baneling x7  
  168  12:32  Baneling x6  
  168  12:49  Ultralisk x2  
  179  12:55  Extractor  
  178  12:58  Drone x2  
  178  12:59  Drone  
  178  13:00  Drone x7  
  188  13:11  Hatchery  
  187  13:20  Overlord, Viper  
  187  13:22  Overlord  
  190  13:32  Viper x2  
  193  13:41  Ultralisk  
  199  13:58  Extractor  
  199  13:59  Extractor  
  197  14:10  Zerg Melee Weapons Level 3  
  197  14:15  Drone x2  
  190  14:25  Viper x2  
  190  14:30  Ultralisk  
  195  14:37  Ultralisk  
  198  14:56  Ultralisk  
  197  15:29  Zergling x2  
  197  15:30  Zergling x2  
  183  15:57  Ultralisk x2  
  190  16:11  Ultralisk  
  190  16:14  Hydralisk x2  
  176  16:45  Ultralisk x3, Hydralisk x6  
  175  16:49  Ultralisk x4  
  175  16:52  Ultralisk  
  199  16:59  Extractor  
  192  17:03  Hydralisk x3  
  192  17:04  Hydralisk x2  
  200  17:11  Hatchery  
  197  17:26  Extractor  
  196  17:30  Drone  
  196  17:31  Extractor, Drone x2  
  196  17:32  Drone  
  196  17:33  Drone  
Tags
 
Add a new tag
Caveats
  • Supply blocks, unpowered buildings, or Contaminate may cause inaccurate times.
  • Supply counts are checked every 10 seconds.